 Dungeon Crawl Stone Soup version 0.27-a0-732-ga892ba84f6 (webtiles) character file.

Game seed: 8520798610435432061

1192 Defined the Fighter (level 8, -3/71 HPs)
             Began as a Gnoll Wanderer on Mar 23, 2021.
             Was an Initiate of Gozag.
             Slain by an orc warrior
             ... wielding a +0 trident
              (5 damage)
             ... on level 6 of the Dungeon.
             The game lasted 00:13:30 (7101 turns).

Defined the Fighter (Gnoll Wanderer)                Turns: 7101, Time: 00:13:32

Health: -3/71      AC:  7    Str: 13    XL:     8   Next: 43%
Magic:  12/12      EV: 12    Int: 11    God:    Gozag
Gold:   361        SH:  5    Dex: 13    Spells: 13/13 levels left

rFire    . . .     SeeInvis .   x - +1 war axe (elec)
rCold    . . .     Faith    .   (no shield)
rNeg     . . .     Spirit   .   m - +0 ring mail
rPois    .         Reflect  +   (no helmet)
rElec    .         Harm     .   w - +1 cloak
rCorr    .         Rampage  .   (no gloves)
Will     .....                  (no boots)
Stlth    ++........             p - amulet of reflection
HPRegen  0.21/turn              (no ring)
MPRegen  0.13/turn              (no ring)

@: gold aura
A: fangs 1, strong nose, distributed training
a: Renounce Religion, Potion Petition, Call Merchant, Bribe Branch


You were on level 6 of the Dungeon.
You worshipped Gozag.
Gozag was aware of your devotion.
You visited 2 branches of the dungeon, and saw 7 of its levels.

You collected 391 gold pieces.
You paid 30 gold pieces to Gozag.

Inventory:

Hand Weapons
 a - a +2 dire flail of holy wrath
 e - a +0 halberd
 l - a +2 short sword of venom
 x - a +1 war axe of electrocution (weapon)
Missiles
 f - 8 poisoned darts
 i - 6 silver javelins (quivered)
 u - 2 boomerangs of dispersal
Armour
 m - a +0 ring mail (worn)
 q - a +0 chain mail
 w - a +1 cloak (worn)
Magical Staves
 r - a staff of cold
Jewellery
 p - an amulet of reflection (around neck)
Wands
 c - a wand of acid (3)
Scrolls
 b - 4 scrolls of teleportation
 h - a scroll of blinking
 j - a scroll of random uselessness {unknown}
 k - a scroll of immolation {unknown}
 n - a scroll of noise
 s - a scroll of magic mapping
 v - a scroll of amnesia {unknown}
 y - 2 scrolls of identify {unknown}
Potions
 d - a potion of resistance {unknown}
 g - 2 potions of haste {unknown}
 o - 2 potions of might {unknown}
 t - a potion of degeneration {unknown}


   Skills:
 + Level 9.2 Fighting
 + Level 3.2 Short Blades
 + Level 7.4 Long Blades
 + Level 3.2 Axes
 + Level 3.2 Maces & Flails
 + Level 3.2 Polearms
 + Level 3.2 Staves
 + Level 3.2 Slings
 + Level 3.2 Bows
 + Level 3.2 Crossbows
 + Level 3.2 Throwing
 + Level 3.2 Armour
 + Level 4.2 Dodging
 + Level 3.2 Stealth
 + Level 4.2 Shields
 + Level 3.2 Unarmed Combat
 + Level 3.2 Spellcasting
 + Level 2.6 Conjurations
 + Level 2.6 Hexes
 + Level 2.6 Summonings
 + Level 2.6 Necromancy
 + Level 2.6 Translocations
 + Level 2.6 Transmutations
 + Level 2.6 Fire Magic
 + Level 2.6 Ice Magic
 + Level 2.6 Air Magic
 + Level 2.6 Earth Magic
 + Level 2.6 Poison Magic
 + Level 3.6 Invocations
 + Level 4.2 Evocations


You had 13 spell levels left.
You didn't know any spells.
Your spell library contained the following spells:

 Spells                   Type           Power      Damage    Failure   Level
 Beastly Appendage        Tmut           14%        N/A       19%         1
 Wereblood                Tmut           7%         N/A       26%         2
 Spider Form              Tmut/Pois      3%         N/A       47%         3
 Ice Form                 Ice/Tmut       7%         N/A       87%         4
 Blade Hands              Tmut           3%         N/A       99%         5


Dungeon Overview and Level Annotations

Branches:
Dungeon (6/15)             Temple (1/1) D:4

Altars:
Ashenzari
Cheibriados
Dithmenos
Elyvilon
Fedhas
Gozag
Hepliaklqana
Kikubaaqudgha
Makhleb
Nemelex Xobeh
Okawaru
Qazlal
Ru
Sif Muna
Uskayaw
Vehumet
Wu Jian
Xom
Yredelemnul
Zin
The Shining One


Innate Abilities, Weirdness & Mutations

You have very sharp teeth.
Your uncanny sense of smell can sniff out nearby items.
Your experience applies equally to all skills.


Message History

You now have 329 gold pieces (gained 3).
You now have 348 gold pieces (gained 19).
Found a scroll labelled JEOKON RIGHI.
y - 2 scrolls labelled JEOKON RIGHI (gained 1)
You now have 361 gold pieces (gained 13).
Found a ring mail.
Found a stone staircase leading up.
An orc priest comes into view. It is wielding a +0 whip.
You hear the slow hiss of an avalanche of sand nearby.
The orc priest moves out of view.
The orc priest mumbles some strange prayers to Beogh against you.
Beogh smites you!
An orc warrior comes into view.
It is wielding a +0 trident and wearing a +1 chain mail of willpower.
An orc comes into view. It is wielding a +0 flail.
The orc priest hits you with a +0 whip.
The orc warrior shouts!
You slash the orc priest!
The orc priest is almost dead.
The orc priest hits you with a +0 whip.
An orc priest comes into view. It is wielding a +0 falchion.
You slash the orc priest!
You kill the orc priest!
You closely miss the orc. The orc hits you with a +0 flail.
The orc warrior misses you. The orc barely misses you.
You slash the orc!
You kill the orc!
The orc warrior hits you from afar with a +0 trident.
* * * LOW HITPOINT WARNING * * *
You closely miss the orc priest.
The orc warrior hits you from afar with a +0 trident!
* * * LOW HITPOINT WARNING * * *
You block the orc priest's attack. You block the orc warrior's attack.
You slash the orc priest!
The orc priest is severely wounded.
The orc priest mumbles some strange prayers to Beogh against you.
Beogh smites you!
* * * LOW HITPOINT WARNING * * *
The orc warrior hits you from afar with a +0 trident.
You die...
Your body crumbles into a pile of gold.

,*,***,*,,,*,,,*,,,,,**** *,*
,*,,,,,+*******+,...,,,.# *$*
,*,**,,**********#..,##.# *,*
,,,**,>,,,,,,,,,,...,...** *,,
,*,,,,,**,,,,,***#.#...,.###***,,
,*,,**,**.,,,,**##.#.#<....#.,,,*
,,,,**,,,...,,,,,............,,,,
,,,******.....####.#,,.....#,**,*
,,** *****#.oo@..#+##.#..#,**,*
,,* *,......####........#,**,*
,,* *,#####,* #.[.......#,,,,,
*** *,* *,* #.....#.#####*,* *,*
*,* #...........#*,* *,* *,*
########.##.#*,* *,*
*,***,,,,,,#.##,**,* *,*
*,,,,,,,,,,#..#,,,,, *,*
*****,,,,,,##.#***,*


You could see an orc warrior and an orc priest.

Vanquished Creatures
  Menkaure (D:5)
  Edmund (D:5)
  Duvessa (D:4)
  An orc warrior (D:5)
  A centaur (D:4)
  Dowan (D:4)
  2 hounds
  Crazy Yiuf (D:5)
  An orc priest (D:6)
  A jelly (D:5)
  A bullfrog skeleton (D:6)
  3 worker ants
  Terence (D:2)
  A hound skeleton (D:5)
  A worker ant zombie (D:5)
  11 gnolls
  8 adders
  A howler monkey skeleton (D:3)
  An adder zombie (D:3)
  3 worms
  3 dart slugs
  17 orcs
  6 ball pythons
  2 giant cockroaches
  4 goblins
  8 hobgoblins
  3 jackals (D:1)
  4 oozes
  7 quokkas
  8 bats
  5 frilled lizards
  A jackal skeleton (D:5)
  8 kobolds
  A quokka skeleton (D:3)
  2 quokka zombies
  4 rats
125 creatures vanquished.

Notes
Turn   | Place    | Note
-------+----------+-------------------------------------------
     0 | D:1      | Defined the Gnoll Wanderer began the quest for the Orb.
     0 | D:1      | Defined set off with the following items: a +2 falchion, a
                  | scroll of teleportation, a potion of curing, a +0 robe
     0 | D:1      | Reached XP level 1. HP: 26/26 MP: 1/1
   232 | D:1      | Reached XP level 2. HP: 28/33 MP: 2/2
   641 | D:1      | Reached XP level 3. HP: 33/38 MP: 3/3
  1495 | D:2      | Reached skill level 1 in Invocations
  1689 | D:2      | Noticed Terence
  2053 | D:2      | Reached skill level 1 in Short Blades
  2053 | D:2      | Reached skill level 1 in Axes
  2053 | D:2      | Reached skill level 1 in Maces & Flails
  2053 | D:2      | Reached skill level 1 in Polearms
  2053 | D:2      | Reached skill level 1 in Staves
  2053 | D:2      | Reached skill level 1 in Slings
  2053 | D:2      | Reached skill level 1 in Bows
  2053 | D:2      | Reached skill level 1 in Crossbows
  2053 | D:2      | Reached skill level 1 in Throwing
  2053 | D:2      | Reached skill level 1 in Armour
  2053 | D:2      | Reached skill level 1 in Stealth
  2053 | D:2      | Reached skill level 1 in Unarmed Combat
  2053 | D:2      | Reached skill level 1 in Spellcasting
  2299 | D:2      | Reached XP level 4. HP: 45/45 MP: 5/5
  2473 | D:2      | Killed Terence
  2474 | D:2      | Reached skill level 1 in Conjurations
  2474 | D:2      | Reached skill level 1 in Hexes
  2474 | D:2      | Reached skill level 1 in Summonings
  2474 | D:2      | Reached skill level 1 in Necromancy
  2474 | D:2      | Reached skill level 1 in Translocations
  2474 | D:2      | Reached skill level 1 in Transmutations
  2474 | D:2      | Reached skill level 1 in Fire Magic
  2474 | D:2      | Reached skill level 1 in Ice Magic
  2474 | D:2      | Reached skill level 1 in Air Magic
  2474 | D:2      | Reached skill level 1 in Earth Magic
  2474 | D:2      | Reached skill level 1 in Poison Magic
  3039 | D:3      | Reached XP level 5. HP: 51/51 MP: 6/6
  4026 | D:4      | Noticed a centaur
  4033 | D:4      | Killed a centaur
  4034 | D:4      | Reached XP level 6. HP: 44/57 MP: 8/8
  4282 | D:4      | Noticed Dowan
  4282 | D:4      | Noticed Duvessa
  4301 | D:4      | Killed Duvessa
  4304 | D:4      | Killed Dowan
  4305 | D:4      | Reached XP level 7. HP: 39/63 MP: 8/10
  4437 | D:4      | Found a staircase to the Ecumenical Temple.
  5086 | Temple   | Entered the Ecumenical Temple
  5425 | Temple   | Became a worshipper of Gozag Ym Sagoz the Greedy
  5470 | D:5      | Entered Level 5 of the Dungeon
  5605 | D:5      | Noticed Menkaure
  5608 | D:5      | Killed Menkaure
  5712 | D:5      | Reached skill level 9 in Fighting
  5910 | D:5      | Found a runed translucent door.
  5911 | D:5      | Noticed Crazy Yiuf
  5921 | D:5      | Killed Crazy Yiuf
  6112 | D:5      | Noticed Edmund
  6120 | D:5      | Killed Edmund
  6121 | D:5      | Reached XP level 8. HP: 33/71 MP: 12/12
  7101 | D:6      | HP: 2/71 [orc priest/divine providence (12)]
  7101 | D:6      | Slain by an orc warrior

Illustrated notes

Levels and vault maps discovered:
D:1:      scummos_arrival_forest, layout_basic, amcnicky_mini_corridor_feature,
          minivault_14, minmay_misc_feat_cross, minmay_tetromino_s4
D:2:      layout_basic, uniq_terence
D:3:      layout_rooms, serial_undead, serial_undead_a, serial_undead_e,
          serial_undead_c, serial_undead_c, minmay_misc_feat_tiny
D:4:      layout_loops_ring, minmay_temple_entry_nine_rooms,
          minmay_tree_intersection, serial_park_tiny_pond, uniq_duvessa
D:5:      layout_gridville, uniq_edmund, uniq_crazy_yiuf_cottage, uniq_menkaure
D:6:      layout_basic, nicolae_ossuary_entry_false_entrances,
          minmay_fire_ice_demons
Temple:   nicolae_temple_the_god_donut

Skill      XL: |  1  2  3  4  5  6  7  8 |
---------------+-------------------------+-----
Invocations    | 1 2 3 |  3.6
Short Blades   | 1 2 3 |  3.2
Axes           | 1 2 3 |  3.2
Maces & Flails | 1 2 3 |  3.2
Polearms       | 1 2 3 |  3.2
Staves         | 1 2 3 |  3.2
Slings         | 1 2 3 |  3.2
Bows           | 1 2 3 |  3.2
Crossbows      | 1 2 3 |  3.2
Throwing       | 1 2 3 |  3.2
Armour         | 1 2 3 |  3.2
Stealth        | 1 2 3 |  3.2
Unarmed Combat | 1 2 3 |  3.2
Spellcasting   | 1 2 3 |  3.2
Conjurations   | 1 2 |  2.6
Hexes          | 1 2 |  2.6
Summonings     | 1 2 |  2.6
Necromancy     | 1 2 |  2.6
Translocations | 1 2 |  2.6
Transmutations | 1 2 |  2.6
Fire Magic     | 1 2 |  2.6
Ice Magic      | 1 2 |  2.6
Air Magic      | 1 2 |  2.6
Earth Magic    | 1 2 |  2.6
Poison Magic   | 1 2 |  2.6
Dodging        | 3 4 |  4.2
Shields        | 3 4 |  4.2
Evocations     | 3 4 |  4.2
Long Blades    | 7 |  7.4
Fighting       | 9 |  9.2

Action                   |  1- 3 |  4- 6 |  7- 9 || total
-------------------------+-------+-------+-------++-------
Melee: Falchion          |    96 |    31 |       ||   127
       Bite              |    12 |     6 |    11 ||    29
       Short sword       |       |    84 |    47 ||   131
       Punch             |       |     3 |     2 ||     5
       War axe           |       |       |    55 ||    55
Throw: Dart              |       |     6 |       ||     6
       Javelin           |       |       |     7 ||     7
Evoke: Wand              |       |     3 |     2 ||     5
  Use: Scroll            |     1 |       |     2 ||     3
       Potion            |     1 |       |       ||     1
 Stab: Sleeping          |     3 |     2 |     1 ||     6
       Distracted        |       |       |     1 ||     1
Armor: Robe              |    11 |     1 |       ||    12
       Ring mail         |       |    28 |    23 ||    51
Dodge: Dodged            |    55 |    53 |    48 ||   156
Block: Other             |       |    15 |    23 ||    38
       Reflection        |       |     1 |       ||     1
       Rpst.: Falchion   |    12 |     2 |       ||    14

Table legend: (Time is in decaauts)
 A = Elapsed time spent in this place.
 B = Non-inter-level travel time spent in this place.
 C = Inter-level travel time spent in this place.
 D = Time resting spent in this place.
 E = Time spent auto-exploring this place.
 F = Levels seen in this place.
 G = Mean time per level.
                   A        B        C        D        E       F      G
               +--------+--------+--------+--------+--------+-----+--------+
         Total |   7116 |   6767 |    349 |   1294 |   4433 |   7 | 1016.6 |
       Dungeon |   6765 |   6446 |    319 |   1294 |   4114 |   6 | 1127.5 |
        Temple |    351 |    321 |     30 |      0 |    319 |   1 |  351.0 |
               +--------+--------+--------+--------+--------+-----+--------+

Top non-repeatable levels by time:
     D:1: 1766 daAuts
     D:5: 1589 daAuts
     D:2: 1227 daAuts
     D:4: 1116 daAuts
     D:3: 1003 daAuts
  Temple: 351 daAuts
     D:6: 60 daAuts
